AoeStats
← Kokamane18

Arabia

505809253Analyzed
2v2 RM · 21d ago on Sep 11, 2026· 55m 17s· 4 players
Game mode
Random Map
Map size
Medium (4 player)
Population
200
Speed
Normal
Resources
Standard
Victory
Conquest
Starting age
Dark Age
Ending age
Imperial Age
RankedLock teamsTeams togetherTeam positionsShared explorationLock speedFull tech treeHidden civsTurbo modeCheats
Victory
Defeat
🇨🇴 Malay · Colombia
825
+15
🇨🇴 Malay · Colombia
794
+16
🇺🇸 Saracens · United States
921
-20
🇺🇸 Spanish · United States
684
-11
TROGDOR
5:42 Loom
10:26 Feudal Age
10:52 Horse Collar
10:59 Double-Bit Axe
20:27 Castle Age
19:27 Fletching
19:43 Padded Archer Armor
20:45 Crossbowman
25:21 Bow Saw
26:50 Heavy Plow
27:07 Scale Barding Armor
27:13 Forging
27:37 Stone Mining
29:32 Ballistics
32:57 Chain Barding Armor
33:12 Iron Casting
32:44 Husbandry
32:55 Bloodlines
32:49 Husbandry
36:23 Imperial Age
33:54 Gold Mining
35:28 Wheelbarrow
37:32 Hand Cart
37:05 Town Watch
37:05 Elite Mameluke
38:33 Conscription
49:19 Plate Barding Armor
49:45 Blast Furnace
Kokamane18
10:55 Feudal Age
12:41 Double-Bit Axe
12:38 Horse Collar
25:23 Castle Age
23:47 Loom
25:55 Scale Barding Armor
36:03 Chain Barding Armor
37:51 Husbandry
38:23 Padded Archer Armor
38:43 Bloodlines
46:59 Imperial Age
46:11 Elite Skirmisher
FDAGZ
9:59 Feudal Age
10:32 Double-Bit Axe
10:47 Man-at-Arms
13:34 Horse Collar
15:24 Arson
16:05 Loom
16:54 Forging
19:42 Wheelbarrow
23:23 Castle Age
23:54 Bow Saw
23:52 Squires
23:15 Long Swordsman
24:46 Hand Cart
25:13 Iron Casting
25:28 Padded Archer Armor
25:22 Fletching
26:13 Stone Mining
26:42 Town Watch
26:26 Elite Skirmisher
28:28 Town Patrol
28:29 Bodkin Arrow
28:45 Thumb Ring
31:41 Gold Mining
34:57 Imperial Age
34:51 Gold Shaft Mining
34:52 Stone Shaft Mining
36:15 Blast Furnace
35:18 Bracer
35:34 Caravan
37:07 Conscription
37:59 Ballistics
37:23 Treadmill Crane
37:09 Elite Karambit Warrior
40:16 Two-Handed Swordsman
slim Shady1318
11:22 Feudal Age
12:26 Double-Bit Axe
12:08 Man-at-Arms
14:36 Gold Mining
14:32 Horse Collar
15:39 Arson
18:40 Forging
27:29 Castle Age
25:24 Fletching
25:35 Padded Archer Armor
27:19 Bodkin Arrow
27:40 Leather Archer Armor
27:43 Bow Saw
28:00 Heavy Plow
29:24 Elite Skirmisher
30:09 Thumb Ring
33:48 Wheelbarrow
34:46 Hand Cart
34:45 Stone Mining
35:30 Gold Shaft Mining
35:25 Caravan
36:59 Treadmill Crane
40:16 Imperial Age
38:18 Town Watch
38:21 Loom
40:23 Iron Casting
39:53 Murder Holes
40:09 Masonry
41:01 Chemistry
40:21 Ballistics
42:18 Forced Levy
43:12 Elite Karambit Warrior
45:38 Conscription
46:31 Crop Rotation
46:30 Squires
47:33 Blast Furnace
50:48 Siege Engineers
Connection lost

Rejoining the realm…

Still unreachable

The connection could not be restored.

Session expired

The server has moved on; the page needs a fresh start.